Unix NetHack Version 5.0.0-0 post-release - last build Jul 19 2026 19:10:59 (3aa4ab31751d3886436d94b585a96704892fd477,branch:main).

Game began 2026-07-22 01:34:04, ended 2026-07-22 01:41:41.

Jinnora, neutral female human Wizard

                                                                  -- --
                                                                 --.--.----
                                                                 -.......|.
                                                                 ..........
                                                                   ........
                                                                    .......--
                                                                      ......--
                                                                      `......|
                                                                      -......|
                                                               ---------.....|
                                                               -...........<-
                                                                   -------..|
                                                                         |-.|
                                                                         |G.--
                                                                         --@f|
                                                                         |...-
                                                                         --...
                                                                          --.-
                                                                            --

Jinnora the Conjurer      St:12 Dx:13 Co:11 In:18 Wi:10 Ch:11  Neutral
Dlvl:5  $:77 HP:0(34) Pw:16(18) AC:9  Xp:4/83 T:1355 

Latest messages:
 Your 2 daggers are welded to your hand!
 You miss the newt.
 You hit the newt.
 The newt bites!
 You miss the newt.
 The newt just misses!
 You hit the newt.
 The newt bites!
 The kitten bites the newt.
 The newt is killed!
 You see here a newt corpse.
 There is a newt corpse here; eat it? [ynq] (n) y
 Blecch!  Rotten food!
 Everything suddenly goes dark.
 You feel a mild buzz.
 You feel an unseen monster!
 You feel an unseen monster!
 You feel an unseen monster!
 You can see again.
 You swap places with your kitten.
 You find a hidden door.
 In what direction? 8
 Whammm!!
 You hear a slow drip.
 In what direction? 8
 As you kick the door, it crashes open!
 You swap places with your kitten.
 You descend the stairs.
 You swap places with your kitten.
 The gnome lord wields a thonged club!
 The gnome lord secures the tether on the thonged club.
 The gnome lord swings his thonged club.
 The gnome lord hits!
 The gnome lord swings his thonged club.
 The gnome lord hits!
 The kitten bites the gnome lord.
 The gnome lord swings his thonged club at the kitten.
 The gnome lord hits the kitten.
 You miss the gnome lord.
 The gnome lord swings his thonged club.
 The gnome lord hits!
 You hit the gnome lord.
 The gnome lord swings his thonged club.
 The gnome lord hits!
 You hit the gnome lord.
 You miss the gnome lord.
 The gnome lord swings his thonged club.
 The gnome lord hits!
 You die...
 Do you want your possessions identified? [ynq] (y) q

Inventory:
 Coins    ('$')
  $ - 77 gold pieces
 Amulets  ('"')
  q - an uncursed amulet of unchanging
 Weapons  (')')
  C - 11 uncursed +0 darts
  s - 2 cursed +0 daggers (wielded)
  a - a blessed +1 quarterstaff
 Armor    ('[')
  b - an uncursed +0 cloak of magic resistance (being worn)
 Comestibles  ('%')
  D - 2 uncursed food rations
  u - a cursed food ration
  z - an uncursed pancake
  w - a cursed tripe ration
 Scrolls  ('?')
  B - an uncursed scroll of create monster
  p - an uncursed scroll of destroy armor
  y - an uncursed scroll of enchant armor
  i - an uncursed scroll of gold detection
  j - an uncursed scroll of identify
  k - 2 uncursed scrolls of light
  o - an uncursed scroll of remove curse
 Spellbooks  ('+')
  m - an uncursed spellbook of cause fear
  E - a blessed spellbook of cure sickness
  l - a blessed spellbook of force bolt
 Potions  ('!')
  f - an uncursed potion of healing
  h - an uncursed potion of levitation
  A - an uncursed potion of monster detection
  g - an uncursed potion of sleeping
 Rings    ('=')
  e - an uncursed +1 ring of increase accuracy
  d - an uncursed +1 ring of increase damage
  x - a cursed -1 ring of increase damage
  r - an uncursed ring of invisibility
 Wands    ('/')
  c - an uncursed wand of secret door detection (0:14)
 Tools    ('(')
  n - an uncursed magic marker (0:21)
  t - a cursed tallow candle
  F - an uncursed tin opener
 Gems/Stones  ('*')
  v - a cursed worthless piece of white glass

Jinnora the Wizard's attributes:

Background:
 You were a Conjurer, a level 4 female human Wizard.
 You were neutral, on a mission for Thoth
 who was opposed by Ptah (lawful) and Anhur (chaotic).
 You were left-handed.
 You were in the Gnomish Mines, on level 5.
 You entered the dungeon 1355 turns ago.
 It was nighttime.
 You had 83 experience points, 77 more were needed to attain level 5.

Basics:
 You had 0 out of 34 hit points.
 You had 16 out of 18 energy points (spell power).
 Your armor class was 9.
 Your wallet contained 77 zorkmids.
 Autopickup was off.

Final Characteristics:
 Your strength was 12 (limit:18/100).
 Your dexterity was 13 (limit:18).
 Your constitution was 11 (limit:18).
 Your intelligence was 18 (limit:18).
 Your wisdom was 10 (limit:18).
 Your charisma was 11 (limit:18).

Final Status:
 You weren't hungry.
 You were unencumbered.
 You were wielding daggers.
 You were unskilled in dagger.

Final Attributes:
 You were devoutly aligned.
 You were magic-protected.
 You were warded.
 You are dead.

Miscellaneous:
 You didn't encounter any bones levels.
 Total elapsed playing time was 7 minutes and 36 seconds.

Major events:
 Turn
    1: Jinnora the neutral female human Wizard entered the dungeon
 1242: attained the rank of Conjurer (level 3)
 1347: entered the Gnomish Mines
 1355: killed by a gnome lord

Spells:
 Name                 Level Category     Fail Retention
 force bolt             1   attack         0%  91%-100%
 cause fear             3   enchantment    0%  91%-100%

Skills:
 Fighting Skills
   bare handed combat [Unskilled]
   riding             [Unskilled]
 Weapon Skills
   dagger             [Unskilled]
   knife              [Unskilled]
   axe                [Unskilled]
   short sword        [Unskilled]
   club               [Unskilled]
   mace               [Unskilled]
   quarterstaff       [Basic]
   polearms           [Unskilled]
   spear              [Unskilled]
   trident            [Unskilled]
   sling              [Unskilled]
   dart               [Unskilled]
   shuriken           [Unskilled]
 Spellcasting Skills
   attack spells      [Basic]
   healing spells     [Unskilled]
   divination spells  [Unskilled]
   enchantment spells [Basic]
   clerical spells    [Unskilled]
   escape spells      [Unskilled]
   matter spells      [Unskilled]

Voluntary challenges:
 Character rerolling was not enabled.
 You were illiterate.
 You never genocided any monsters.
 You never polymorphed an object.
 You never changed form.
 You used no wishes.
Achievements:
 You entered a shop.
 You attained the rank of Conjurer.
 You entered the Gnomish Mines.

 The Dungeons of Doom: levels 1 to 4
    Level 1:
       Some fountains, a grave.
    Level 2:
       A potion shop.
    Level 3:
       A fountain.
    Level 4:
       A sink.
       Stairs down to The Gnomish Mines.
 The Gnomish Mines:
    Level 5: <- You were here.
       Final resting place for
          you, killed by a gnome lord.


Vanquished creatures:
  a ghost
  a coyote
  a brown mold
  a yellow mold
  a gnome zombie
  2 geckos
  3 jackals
  a kobold
  a goblin
  5 grid bugs
  a lichen
  a kobold zombie
  5 newts
24 creatures vanquished.

No species were genocided or became extinct.

Game over:
                       ----------
                      /          \
                     /    REST    \
                    /      IN      \
                   /     PEACE      \
                  /                  \
                  |     Jinnora      |
                  |      77 Au       |
                  |   killed by a    |
                  |    gnome lord    |
                  |                  |
                  |                  |
                  |       2026       |
                 *|     *  *  *      | *
        _________)/\\_//(\/(/\)/\//\/|_)_______

Goodbye Jinnora the Wizard...

You died in The Gnomish Mines on dungeon level 5 with 1042 points,
and 77 pieces of gold, after 1355 moves.
You were level 4 with a maximum of 34 hit points when you died.

